 Dungeon Crawl Stone Soup version 0.27-a0-1228-gfd60fd639a (webtiles) character file.

Game seed: 13122259388775407802

16 ZappyNine the Charlatan (level 2, -1/21 HPs)
             Began as a Demonspawn Artificer on June 7, 2021.
             Slain by a kobold
             ... wielding a +0 short sword
              (5 damage)
             ... on level 1 of the Dungeon.
             The game lasted 00:00:36 (887 turns).

ZappyNine the Charlatan (Demonspawn Artificer)       Turns: 887, Time: 00:00:38

Health: -1/21      AC:  3    Str: 12    XL:     2   Next: 37%
Magic:  2/2        EV: 11    Int: 12    God:
Gold:   13         SH:  0    Dex: 13    Spells: 1/1 levels left

rFire    . . .     SeeInvis .   a - +0 club
rCold    . . .     Faith    .   (no shield)
rNeg     . . .     Spirit   .   b - +0 leather armour
rPois    .         Reflect  .   (no helmet)
rElec    .         Harm     .   (no cloak)
rCorr    .         Rampage  .   (no gloves)
Will     .....                  (no boots)
Stlth    +.........             (no amulet)
HPRegen  0.07/turn              (no ring)
MPRegen  0.16/turn              (no ring)

@: no status effects
A: magic regeneration
a: no special abilities


You were on level 1 of the Dungeon.
You visited 1 branch of the dungeon, and saw 1 of its levels.

You collected 13 gold pieces.

Inventory:

Hand Weapons
 a - a +0 club (weapon)
Armour
 b - a +0 leather armour (worn)
Wands
 c - a wand of flame (9) (quivered)
 d - a wand of charming (15)
Potions
 f - a potion of haste {unknown}
 g - a potion of curing {unknown}
Miscellaneous
 e - a piece from Xom's chessboard (15/15)


   Skills:
 + Level 1.4 Fighting
 + Level 2.0 Armour
 + Level 1.3 Dodging
 - Level 0.8 Stealth
 + Level 3.2 Evocations


You had one spell level left.
You didn't know any spells.
Your spell library was empty.

Dungeon Overview and Level Annotations

Branches:
Dungeon (1/15)

Altars:


Innate Abilities, Weirdness & Mutations

You regenerate magic rapidly.


Message History

You hit the giant cockroach.
The giant cockroach is heavily wounded.
The giant cockroach misses you. The giant cockroach closely misses you.
You hit the giant cockroach but do no damage.
The giant cockroach is heavily wounded.
The giant cockroach bites you.
You hit the giant cockroach.
The giant cockroach is almost dead.
The giant cockroach closely misses you.
The giant cockroach bites you but does no damage.
You closely miss the giant cockroach.
The giant cockroach is almost dead.
The giant cockroach barely misses you. The giant cockroach closely misses you.
You hit the giant cockroach.
You kill the giant cockroach!
A kobold comes into view. It is wielding a +0 short sword.
The quokka misses you. The quokka bites you.
You hit the quokka.
The quokka is moderately wounded.
The quokka closely misses you.
You hit the quokka but do no damage.
The quokka is moderately wounded.
The quokka bites you. The kobold misses you. The quokka closely misses you.
You hit the quokka.
The quokka is heavily wounded.
The quokka bites you. The kobold closely misses you.
You miss the quokka.
The quokka is heavily wounded.
The quokka bites you but does no damage.
The kobold hits you but does no damage. The quokka bites you.
There are monsters nearby!
There are monsters nearby!
There are monsters nearby!
You hit the quokka but do no damage.
The quokka is heavily wounded.
The kobold hits you with a +0 short sword.
The quokka bites you.
* * * LOW HITPOINT WARNING * * *
The kobold hits you with a +0 short sword.
You die...

# ### #. #..
###.## #.#
#..... #.#####
#
##..$.K##(....#
#
......r@..###.#
# ##.....##.#
#.##########
#..... #.#
#...........
###.## #.#
############
^.. #.# ... .#.
### # #


You could see a quokka and a kobold.

Vanquished Creatures
  2 giant cockroaches (D:1)
  A goblin (D:1)
  3 hobgoblins (D:1)
  A kobold (D:1)
  2 ball pythons (D:1)
  2 bats (D:1)
  3 rats (D:1)
14 creatures vanquished.

Notes
Turn   | Place    | Note
-------+----------+-------------------------------------------
     0 | D:1      | ZappyNine the Demonspawn Artificer began the quest for the
                  | Orb.
     0 | D:1      | Reached XP level 1. HP: 15/15 MP: 1/1
    39 | D:1      | Reached skill level 1 in Dodging
   297 | D:1      | Gained mutation: You regenerate magic rapidly. [demonic
                  | ancestry]
   297 | D:1      | Reached XP level 2. HP: 5/21 MP: 2/2
   305 | D:1      | HP: 1/21 [hobgoblin (2)]
   887 | D:1      | Slain by a kobold

Illustrated notes

Levels and vault maps discovered:
D:1:      psy_arrival_statuary, layout_loops_ring,
          shapermc_ecumenical_altar_flowoftime

Skill      XL: |  1 |
---------------+----+-----
Dodging        | 1 |  1.3
Armour         | 2 |  2.0
Fighting       | |  1.4
Stealth        | |  0.8
Evocations     | |  3.2

Action                   || total
-------------------------++-------
Melee: Club              ||    60
Evoke: Wand              ||     6
 Stab: Distracted        ||     1
Armor: Leather armour    ||    22
Dodge: Dodged            ||    53

Table legend: (Time is in decaauts)
 A = Elapsed time spent in this place.
 B = Non-inter-level travel time spent in this place.
 C = Inter-level travel time spent in this place.
 D = Time resting spent in this place.
 E = Time spent auto-exploring this place.
 F = Levels seen in this place.
 G = Mean time per level.
                   A        B        C        D        E       F      G
               +--------+--------+--------+--------+--------+-----+--------+
         Total |    904 |    904 |      0 |    273 |    492 |   1 |  904.0 |
       Dungeon |    904 |    904 |      0 |    273 |    492 |   1 |  904.0 |
               +--------+--------+--------+--------+--------+-----+--------+

Top non-repeatable levels by time:
     D:1: 904 daAuts
